 Dungeon Crawl Stone Soup version 0.28.0 (webtiles) character file.

Game seed: 2450864214222352392

337 Acheron the Ruffian (level 6, -5/57 HPs)
             Began as a Troll Hunter on Feb 16, 2022.
             Slain by a gargoyle (15 damage)
             ... on level 6 of the Dungeon.
             The game lasted 00:07:35 (1850 turns).

Acheron the Ruffian (Troll Hunter)                  Turns: 1850, Time: 00:07:35

Health: -5/57      AC:  4    Str: 17    XL:     6   Next: 28%
Magic:  14/14      EV: 10    Int:  9    God:
Gold:   102        SH:  0    Dex: 12    Spells: 5/5 levels left

rFire   . . .      SeeInvis +     - Unarmed
rCold   + . .      Faith    .   (no shield)
rNeg    . . .      Spirit   .   b - +0 robe
rPois   .          Reflect  .   (helmet restricted)
rElec   .          Harm     .   (no cloak)
rCorr   .          Rampage  .   (gloves unavailable)
Will    .....                   (boots unavailable)
Stlth   ++........              (no amulet)
HPRegen 0.99/turn               s - ring "Exou" {rC+ MP+9 Str-4 Int+2 SInv}
MPRegen 0.14/turn               (no ring)

@: no status effects
A: large, unfitting armour, claws 3, regeneration 1, shaggy fur 1, tough skin 1
a: no special abilities


You were on level 6 of the Dungeon.
You visited 1 branch of the dungeon, and saw 6 of its levels.

You collected 102 gold pieces.

Inventory:

Hand Weapons
 a - a +0 short sword
 r - the +1 spear of Osumio {freeze, rPois rC+}
   (You found it on level 3 of the Dungeon)

   It freezes those it strikes, dealing additional cold damage.
   It can also slow down cold-blooded creatures.
   rC:        It protects you from cold.
   rPois:     It protects you from poison.
Missiles
 c - 3 large rocks (quivered)
 d - 4 throwing nets
 h - 5 atropa-tipped darts
 i - 6 poisoned darts
Armour
 b - a +0 robe (worn)
Jewellery
 s - the ring "Exou" (left claw) {rC+ MP+9 Str-4 Int+2 SInv}
   (You found it on level 7 of the Dungeon)

   [ring of see invisible]

   Str:       It affects your strength (-4).
   Int:       It affects your intelligence (+2).
   rC:        It protects you from cold.
   MP:        It affects your magic capacity (+9).
   SInv:      It lets you see invisible.
Wands
 n - a wand of flame (19)
 v - a wand of mindburst (6)
Scrolls
 e - 5 scrolls of identify {unknown}
 j - a scroll of noise {unknown}
 k - a scroll of blinking {unknown}
 m - a scroll of amnesia {unknown}
 o - 2 scrolls of teleportation {unknown}
 p - a scroll of torment {unknown}
Potions
 f - 2 potions of heal wounds {unknown}
 g - a potion of ambrosia {unknown}
 l - a potion of flight {unknown}
 q - a potion of resistance {unknown}
 t - a potion of mutation {unknown}
 u - a potion of brilliance {unknown}


   Skills:
 * Level 2.2 Fighting
 + Level 0.1 Short Blades
 + Level 4.1 Throwing
 * Level 2.5 Dodging
 * Level 1.5 Stealth
 * Level 4.1 Unarmed Combat


You had 5 spell levels left.
You didn't know any spells.
Your spell library was empty.

Dungeon Overview and Level Annotations

Branches:
Dungeon (7/15)
 Temple: D:4-7

Altars:

Annotations:
D:6 Prince Ribbit


Innate Abilities, Weirdness & Mutations

You are too large for most types of armour.
You have claws for hands.
Your natural rate of healing is unusually fast.
You are covered in fur. (AC +1)
You have tough skin. (AC +1)


Message History

You have reached level 6!
You feel stronger.
You start resting.
You hear the slow hiss of a distant avalanche of sand.
You start resting.
HP restored.
c - 3 large rocks (gained 1)
Things that are here:
a +0 giant spiked club; an ogre corpse; an adder corpse You now have 102 gold pieces (gained 17).
You hear the slow hiss of an avalanche of sand nearby.
Found a long bronze wand.
c - 4 large rocks (gained 1)
v - a wand of mindburst (6)
Found a stone staircase leading down.
Found 28 bolts.
Prince Ribbit comes into view.
Prince Ribbit croaks.
A gargoyle comes into view. It is wielding a +0 mace.
You miss Prince Ribbit. Prince Ribbit completely misses you.
You claw Prince Ribbit!
Prince Ribbit is lightly wounded.
Prince Ribbit hits you! x2
You scratch Prince Ribbit.
Prince Ribbit is moderately wounded.
Prince Ribbit barely misses you.
You miss Prince Ribbit.
Prince Ribbit is moderately wounded.
Prince Ribbit blinks!
You scratch the gargoyle but do no damage.
The gargoyle hits you with a +0 mace!!
* * * LOW HITPOINT WARNING * * *
Throw: 4 large rocks
Press: ? - help, Q - select action, (/) - cycle Shift-Dir - straight line, f - gargoyle
Aim: a gargoyle, wielding a +0 mace (translocational energy, 75% to hit)
You throw a large rock.
The large rock hits the gargoyle but does no damage.
Prince Ribbit lets out a mournful croak.
The gargoyle hits you with a +0 mace!
You die...

#.# #.# #.# #.# .# #.#
#.# #.## #.###### #.#
...## # ##......###.#
....#.. ####........##.#
....... ......###....#.#
...(#
.......##......###...###
###....##...##..@9>F...#
####..###...#######.##.#
..#.........# #
####.......##
###....##### .......#
......## .###.. .# #


You could see Prince Ribbit and a gargoyle.

Vanquished Creatures
  An ogre (D:6)
  A water moccasin skeleton (D:4)
  A bullfrog zombie (D:7)
  A jelly (D:4)
  7 adders
  An adder skeleton (D:4)
  4 worms
  5 dart slugs
  2 orcs
  5 endoplasms
  A giant cockroach (D:2)
  6 goblins
  3 hobgoblins
  3 jackals (D:1)
  9 kobolds
  4 quokkas
  8 ball pythons
  3 bats
  2 frilled lizards
  A rat (D:2)
68 creatures vanquished.

Vanquished Creatures (others)
  8 plants (D:6)
8 creatures vanquished.

Grand Total: 76 creatures vanquished

Notes
Turn   | Place    | Note
-------+----------+-------------------------------------------
     0 | D:1      | Acheron the Troll Hunter began the quest for the Orb.
     0 | D:1      | Reached XP level 1. HP: 19/19 MP: 0/0
    89 | D:2      | Reached XP level 2. HP: 27/27 MP: 1/1
   643 | D:1      | Reached XP level 3. HP: 33/33 MP: 2/2
   781 | D:2      | Reached skill level 1 in Stealth
   786 | D:2      | Reached skill level 1 in Unarmed Combat
  1033 | D:2      | Reached XP level 4. HP: 42/42 MP: 3/3
  1329 | D:4      | Reached XP level 5. HP: 27/49 MP: 4/4
  1566 | D:3      | Identified the +1 spear of Osumio {freeze, rPois rC+}
  1606 | D:4      | You fall into a shaft and drop 3 floors!
  1629 | D:7      | Identified the ring "Exou" {rC+ MP+9 Str-4 Int+2 SInv}
  1735 | D:6      | Noticed an ogre
  1756 | D:6      | Killed an ogre
  1757 | D:6      | Reached XP level 6. HP: 8/57 MP: 5/5
  1842 | D:6      | Noticed Prince Ribbit
  1843 | D:6      | Noticed a gargoyle
  1850 | D:6      | Slain by a gargoyle

Illustrated notes

Levels and vault maps discovered:
D:1:      sevenhm_arrival_forest_fort_small_6, layout_loops_ring
D:2:      layout_basic, serial_glass, glass_columns_a, glass_columns_a,
          minmay_tall_x
D:3:      layout_basic, serial_corexii_hall, chequers_hall_statues_corner_a,
          chequers_hall_statues_y, chequers_hall_statues_y, uniq_ijyb
D:4:      layout_basic, hangedman_abyss_or_decor_slice
D:6:      layout_loops_ring, lightli_ossuary_entry_decrepit_ruins,
          chequers_big_river, hangedman_decor_growths, uniq_prince_ribbit1,
          uniq_maggie
D:7:      layout_cave_pools, minmay_temple_entry_tees

Skill      XL: |  1  2  3  4  5 |
---------------+----------------+-----
Throwing       | 4 |  4.1
Stealth        | 1 |  1.5
Unarmed Combat | 1 2 4 |  4.1
Dodging        | 2 |  2.5
Fighting       | 2 |  2.2
Short Blades   | |  0.1

Action                   |  1- 3 |  4- 6 || total
-------------------------+-------+-------++-------
Melee: Short sword       |    14 |       ||    14
       Unarmed           |   117 |    88 ||   205
       Punch             |     2 |       ||     2
Throw: Large rock        |       |     4 ||     4
 Stab: Sleeping          |     6 |     1 ||     7
       Distracted        |     1 |       ||     1
Armor: Robe              |    44 |    17 ||    61
Dodge: Dodged            |    57 |    50 ||   107
